 Dungeon Crawl Stone Soup version 0.22-a0-803-gd6d8abe (webtiles) character file.

50 iamserjio the Chiller (level 3, 0/19 HPs)
             Began as a Deep Elf Ice Elementalist on July 22, 2018.
             Succumbed to an orc's poison
             ... on level 1 of the Dungeon.
             The game lasted 00:04:08 (489 turns).

iamserjio the Chiller (Deep Elf Ice Elementalist)    Turns: 489, Time: 00:04:09

Health: 0/19       AC:  2    Str:  5    XL:     3   Next: 55%
Magic:  2/10       EV: 13    Int: 25    God:
Gold:   71         SH:  0    Dex: 15    Spells: 6/9 levels left

rFire    . . .     SeeInvis .   d - +0 dagger
rCold    . . .     Gourm    .   (no shield)
rNeg     . . .     Faith    .   a - +0 robe
rPois    .         Spirit   +   (no helmet)
rElec    .         Reflect  .   k - scarf {Spirit}
rCorr    .         Harm     .   (no gloves)
MR       .....                  (no boots)
Stlth    ++........             (no amulet)
HPRegen  0.06/turn              (no ring)
MPRegen  0.12/turn              (no ring)

@: brilliant, lethally poisoned (0 -> -12)
A: no striking features
a: no special abilities


You were on level 1 of the Dungeon.
You were not hungry.

You visited 1 branch of the dungeon, and saw 3 of its levels.

You collected 71 gold pieces.

Inventory:

Hand Weapons
 d - a +0 dagger (weapon)
 l - a +0 short sword
Missiles
 f - 7 poisoned needles
 g - 9 arrows
 h - 19 sling bullets
Armour
 a - a +0 robe (worn)
 k - a scarf of spirit shield (worn)
Scrolls
 b - 3 scrolls of teleportation {unknown}
 i - a scroll of fog {unknown}
 j - a scroll of identify {unknown}
Potions
 e - a potion of brilliance
Comestibles
 c - 6 rations


   Skills:
 + Level 3.1 Dodging
 - Level 2.4 Stealth
 + Level 3.7 Spellcasting
 * Level 2.1 Conjurations
 + Level 3.8 Ice Magic


You had 6 spell levels left.
You knew the following spells:

 Your Spells              Type           Power        Failure   Level  Hunger
a - Freeze                Ice            ####         1%          1    None
b - Throw Frost           Conj/Ice       ####..       1%          2    #......

Your spell library contained the following spells:

 Spells                   Type           Power        Failure   Level  Hunger
 Summon Ice Beast         Ice/Summ       ####....     4%          4    ####...
 Ozocubu's Armour         Chrm/Ice       ####....     1%          3    ##.....
 Throw Icicle             Conj/Ice       ####....     3%          4    ####...


Dungeon Overview and Level Annotations

Branches:
Dungeon (3/15)

Altars:


Message History

You closely miss the orc.
The orc is lightly wounded.
The orc hits you.
* * * LOW HITPOINT WARNING * * *
The orc hits you.
* * * LOW HITPOINT WARNING * * *
The orc misses you.
You climb upwards.
There is a stone staircase leading down here.
You see here a whip.
The orc hits you with a short sword of venom.
* * * LOW HITPOINT WARNING * * *
You are lethally poisoned!
* * * LOW HITPOINT WARNING * * *
You feel sick. The orc closely misses you.
* * * LOW HITPOINT WARNING * * *
You feel sick.
It was a potion of brilliance.
You feel clever all of a sudden.
You die...

..#### ###...###
.....###.†.### .##
#.....(#########
....#.#............## .
......#....))†>.....#
.............†........#
#..#.###..............#
##.##.###o.............#
##.......@o.)...........#
........................#
#....................##
#...................##
#..........##########
#..........# #..........#
############


You could see 2 orcs.

Vanquished Creatures
  2 adders (D:3)
  An ooze (D:1)
  A leopard gecko (D:1)
  An orc (D:3)
  A bat (D:3)
  2 giant cockroaches
  4 goblins
  4 hobgoblins
  2 frilled lizards (D:1)
  2 kobolds
  5 rats
25 creatures vanquished.

Notes
Turn   | Place    | Note
-------+----------+-------------------------------------------
     0 | D:1      | iamserjio the Deep Elf Ice Elementalist began the quest for the Orb.
     0 | D:1      | Reached XP level 1. HP: 10/10 MP: 6/6
   241 | D:3      | Reached XP level 2. HP: 15/15 MP: 5/8
   252 | D:3      | Learned a level 2 spell: Throw Frost
   328 | D:3      | Reached XP level 3. HP: 19/19 MP: 0/10
   489 | D:1      | Succumbed to an orc's poison

Vault maps used:
D:1:      dpeg_arrival_fog
D:3:      kennysheep_generic_room_9

Skill      XL: |  1  2  3 |
---------------+----------+-----
Dodging        | 3 |  3.1
Conjurations   | 2 |  2.1
Stealth        | |  2.4
Spellcasting   | |  3.7
Ice Magic      | |  3.8

Action                   || total
-------------------------++-------
Melee: Dagger            ||    39
 Cast: Freeze            ||    35
       Throw Frost       ||     2
  Use: Potion            ||     1
Armor: Robe              ||     9
Dodge: Dodged            ||    39

Table legend:
 A = Spawn XP
 B = Non-spawn XP
 C = Spawn XP percentage of total XP
 D = Spawn monster count
 E = Non-spawn monster count
 F = Spawn count percentage of total count
 G = Total turns spent on level
                    A         B        C        D         E        F      G
               +---------+---------+-------+---------+---------+-------+---------
         Total |       0 |      72 |   0.0 |       0 |      25 |   0.0 |   489
               +---------+---------+-------+---------+---------+-------+---------
           D:1 |       0 |      25 |   0.0 |       0 |      12 |   0.0 |   148
           D:2 |       0 |       6 |   0.0 |       0 |       3 |   0.0 |   182
           D:3 |       0 |      41 |   0.0 |       0 |      10 |   0.0 |   159
               +---------+---------+-------+---------+---------+-------+---------
